 Dungeon Sprint DCSS version 0.32-a0-350-g4f4d228785 (webtiles) character file.

Game seed: 13958354044288267363

156 rocky1 the Basher (level 5, -2/56 HPs)
             Began as a Mountain Dwarf Monk on Feb 18, 2024.
             Slain by a black bear (7 damage)
             ... in the Dungeon (Sprint IX: "|||||||||||||||||||||||||||||").
             The game lasted 00:00:41 (39 turns).

rocky1 the Basher (Mountain Dwarf Monk)               Turns: 39, Time: 00:00:43

Health: -2/56      AC: -2    Str: 15    XL:     5   Next: 14%
Magic:  5/5        EV: 12    Int: 11    God:
Gold:   0          SH:  0    Dex: 12    Spells: 4/4 levels left

rFire   . . .        a - +0 mace
rCold   . . .        d - orb {light}
rNeg    . . .        b - +0 robe
rPois   .            (no helmet)
rElec   .            (no cloak)
rCorr   .            (no gloves)
SInv    .            (no boots)
Will    .....        (no amulet)
Stlth   +            (no ring)
HPRegen 0.29/turn    (no ring)
MPRegen 0.09/turn

%: no teleportation
@: lethally poisoned (-2 -> -5), corroded, on berserk cooldown, slowed, glowing,
very slow
A: runic magic, artefact enchanting
a: no special abilities


You were in the Dungeon.
You visited 1 branch

Inventory:

Hand Weapons
 a - a +0 mace (weapon)
Armour
 b - a +0 robe (worn)
 d - an orb of light (worn)
Scrolls
 j - a scroll of blinking
Potions
 c - a potion of ambrosia
 e - a potion of curing
 f - a potion of heal wounds
 g - a potion of haste
 h - 2 potions of magic


   Skills:
 + Level 8.5 Fighting
 + Level 9.3 Maces & Flails
 - Level 2.8 Dodging


You had 4 spell levels left.
You didn't know any spells.
Your spell library was empty.

Dungeon Overview and Level Annotations

Branches:
Dungeon (1/1)

Altars:


Innate Abilities, Weirdness & Mutations

Your spellcasting is much less encumbered by armour.
You can use scrolls of enchantment on lesser artefacts.


Message History

The phantom barely misses you.
You barely miss the phantom.
The phantom is moderately damaged.
The phantom hits you.
You barely miss the phantom.
The phantom is moderately damaged.
You barely miss the phantom.
The phantom is moderately damaged.
The phantom barely misses you.
You sock the phantom!
The phantom is almost destroyed.
The phantom closely misses you.
You hit the phantom but do no damage.
The phantom is almost destroyed.
You hit the phantom.
The phantom is almost destroyed.
The phantom hits you.
You hit the phantom.
You destroy the phantom!
Your Fighting skill gained 2 levels and is now at level 8!
Your Maces & Flails skill gained 2 levels and is now at level 9!
You have reached level 5!
You hit the adder.
The adder is heavily wounded.
The adder bites you.
You are poisoned.
The adder poisons you!
You sock the adder!
You kill the adder!
You are no longer berserk.
You are exhausted.
You feel yourself slow down.
You feel sick.
You feel sick. The black bear bites you!
* * * LOW HITPOINT WARNING * * *
The black bear claws you.
* * * LOW HITPOINT WARNING * * *
The black bear claws you.
* * * LOW HITPOINT WARNING * * *
The black bear bites you!
You die...

▓+▓
▓.▓
▓.▓
▓h▓
▓@▓
▓.▓
▓†▓
▓.▓
▓.▓
▓.▓
▓†▓
▓)▓
▓'▓


You could see a black bear.

Vanquished Creatures
  A phantom (D)
  A bombardier beetle (D)
  A jelly (D)
  An adder (D)
  A dart slug (D)
  A bat (D)
  A kobold (D)
  2 rats (D)
9 creatures vanquished.

Notes
Turn   | Place    | Note
-------+----------+-------------------------------------------
     0 | D        | rocky1 the Mountain Dwarf Monk began the quest for the Orb.
     0 | D        | Reached XP level 1. HP: 19/19 MP: 1/1
    10 | D        | Reached skill level 4 in Maces & Flails
    17 | D        | Reached XP level 2. HP: 16/27 MP: 2/2
    21 | D        | Noticed a black bear
    21 | D        | Noticed a phantom
    21 | D        | Noticed a bombardier beetle
    24 | D        | Killed a bombardier beetle
    25 | D        | Reached skill level 5 in Fighting
    25 | D        | Reached skill level 6 in Maces & Flails
    25 | D        | Reached XP level 3. HP: 37/37 MP: 3/3
    28 | D        | Reached skill level 7 in Maces & Flails
    28 | D        | Reached XP level 4. HP: 33/45 MP: 4/4
    36 | D        | Killed a phantom
    37 | D        | Reached skill level 9 in Maces & Flails
    37 | D        | Reached XP level 5. HP: 37/55 MP: 5/5
    39 | D        | Slain by a black bear

Illustrated notes

Levels and vault maps discovered:
D:        linesprint [early_d, line_temple, items_1, d_10, items_2, lair_1,
          lair_end, items_3, orc_1, orc_end, items_4, d_15, swamp_1, shoals_1,
          snake_1, spider_1, d_20, vaults_1, items_5, swamp_end, shoals_end,
          snake_end, spider_end, vaults_end, d_27, items_6, zot_1, zot_end,
          crypt_end, forest_end, elf_end, slime_end, tomb_end, abyss_end,
          pan_hell_end]

Skill      XL: |  1  2  3  4 |
---------------+-------------+-----
Maces & Flails | 4 6 7 9 |  9.3
Fighting       | 4 5 6 8 |  8.5
Dodging        | |  2.8

Action                     |  1- 3 |  4- 6 || total
---------------------------+-------+-------++-------
  Melee: Mace              |    15 |    10 ||    25
    Use: Potion            |     1 |       ||     1
 Armour: Robe              |     8 |     7 ||    15
  Dodge: Dodged            |     6 |     3 ||     9

Table legend: (Time is in decaauts)
 A = Elapsed time spent in this place.
 B = Non-inter-level travel time spent in this place.
 C = Inter-level travel time spent in this place.
 D = Time resting spent in this place.
 E = Time spent auto-exploring this place.
 F = Levels seen in this place.
 G = Mean time per level.
                   A        B        C        D        E       F      G
               +--------+--------+--------+--------+--------+-----+--------+
         Total |     36 |     36 |      0 |      0 |      0 |   1 |   36.0 |
       Dungeon |     36 |     36 |      0 |      0 |      0 |   1 |   36.0 |
               +--------+--------+--------+--------+--------+-----+--------+

Top non-repeatable levels by time:
       D: 36 daAuts
